 Dungeon Crawl Stone Soup version 0.31-a0-222-gefeffbb62a (webtiles) character file.

Game seed: 17527135311477876199

65 qw the Shooter (level 3, -4/29 HPs)
             Began as a Minotaur Hexslinger on July 5, 2023.
             Killed from afar by an orc wizard (7 damage)
             ... with a magic dart
             ... on level 3 of the Dungeon.
             The game lasted 00:00:39 (1190 turns).

qw the Shooter (Minotaur Hexslinger)                Turns: 1190, Time: 00:00:39

Health: -4/29      AC:  2    Str: 12    XL:     3   Next: 92%
Magic:  3/3        EV: 17    Int: 10    God:
Gold:   66         SH:  0    Dex: 14    Spells: 3/4 levels left

rFire   . . .        Y - +1 sling
rCold   . . .        (no shield)
rNeg    . . .        c - +0 robe
rPois   .            (helmet restricted)
rElec   .            (no cloak)
rCorr   .            (no gloves)
SInv    .            (no boots)
Will    .....        (no amulet)
Stlth   +            h - +5 ring of evasion
HPRegen 0.24/turn    (no ring)
MPRegen 0.08/turn

%: no passive effects
@: no status effects
A: horns 2, retaliatory headbutt
a: no special abilities


You were on level 3 of the Dungeon.
You visited 1 branch of the dungeon, and saw 3 of its levels.

You collected 66 gold pieces.


Innate Abilities, Weirdness & Mutations

You have a pair of horns on your head.
You reflexively headbutt those who attack you in melee.


   Skills:
 - Level 2.0 Fighting
 + Level 4.4 Ranged Weapons
 - Level 2.1 Dodging
 - Level 1.0 Spellcasting
 - Level 2.0 Hexes


You had 3 spell levels left.
You knew the following spells:

 Your Spells              Type           Power      Damage    Failure   Level
a - Slow                  Hex            16%        N/A       16%         1

Your spell library contained the following spells:

 Spells                   Type           Power      Damage    Failure   Level
 Inner Flame              Hex/Fire       2%         N/A       56%         3
 Portal Projectile        Hex/Tloc       4%         N/A       56%         3
 Cause Fear               Hex            2%         N/A       83%         4

Inventory:

Hand Weapons
 Y - a +1 sling (weapon)
Armour
 c - a +0 robe (worn)
Jewellery
 h - a +5 ring of evasion (left hand)
Scrolls
 a - 2 scrolls of fear
 f - a scroll of identify
 g - a scroll of teleportation
 j - a scroll of blinking {unknown}
Potions
 d - a potion of ambrosia {unknown}
 e - 2 potions of haste {unknown}
 i - a potion of enlightenment {unknown}
 k - a potion of curing {unknown}
 l - a potion of brilliance {unknown}

Dungeon Overview and Level Annotations

Branches:
Dungeon (2/15)

Altars:


Message History

You shoot a sling bullet.
You hear some strange, mumbled words.
Something tries to affect you, but you resist.
You hear some strange, mumbled words.
Something tries to affect you, but you resist.
You shoot a sling bullet. Something hits you.
You shoot a sling bullet. Something hits you.
You shoot a sling bullet. Something hits you.
You shoot a sling bullet.
You hear some strange, mumbled words.
A puff of flame appears from out of thin air!
The puff of flame misses you.
You shoot a sling bullet. Something hits you.
You shoot a sling bullet. Something hits you. x2
You shoot a sling bullet. Something hits you.
You shoot a sling bullet. Something hits you.
You shoot a sling bullet. Something hits you.
You shoot a sling bullet. Something hits you.
You shoot a sling bullet. Something hits you.
You hear some strange, mumbled words.
Something tries to affect you, but you resist.
You shoot a sling bullet. Something hits you.
You shoot a sling bullet. Something hits you.
You shoot a sling bullet.
You hear some strange, mumbled words.
A magic dart appears from out of thin air!
The magic dart hits you!
You die...

P~ ~~ #### ~~~ # # ..#
#77~~ #.# #. #.# #~7~~
...#.####.#########)~~~
..............#..~7~~
.#.#.##.#####...#~~7~
#.{@...# #.###~~~P
#...)...#### #.# ##~7~
###)###.# #.# #~7~ ..
#.# ... .~77 # ... ..#
##P7~ ... #..# #.77
.... #.. #.7~ .....
#.#~ ##


There were no monsters in sight!

Vanquished Creatures
  2 adders (D:2)
  2 orcs (D:3)
  6 endoplasms
  A giant cockroach (D:1)
  4 goblins
  5 hobgoblins
  10 kobolds
  7 ball pythons
  2 bats
  2 frilled lizards
  2 rats (D:1)
43 creatures vanquished.

Notes
Turn   | Place    | Note
-------+----------+-------------------------------------------
     0 | D:1      | qw the Minotaur Hexslinger began the quest for the Orb.
     0 | D:1      | Reached XP level 1. HP: 16/16 MP: 1/1
     0 | D:1      | 0 ||| qw: Version: 0.3-a-46-gb1f654a
     0 | D:1      | 0 ||| qw: Game counter: 989
     0 | D:1      | 0 ||| qw: Melee chars always use a shield: true
     0 | D:1      | 0 ||| qw: God list: Okawaru
     0 | D:1      | 0 ||| qw: Allow faded altars: false
     0 | D:1      | 0 ||| qw: Do Orc after clearing Dungeon:15 true
     0 | D:1      | 0 ||| qw: Do second Lair branch before Depths: true
     0 | D:1      | 0 ||| qw: Lair rune preference: random
     0 | D:1      | 0 ||| qw: Goals: Normal
     0 | D:1      | 0 ||| PLANNING D:1-11
   143 | D:1      | Reached skill level 3 in Ranged Weapons
   143 | D:1      | Reached XP level 2. HP: 18/23 MP: 2/2
   779 | D:1      | 779 ||| UPGRADING to +5 ring of evasion.
   780 | D:1      | 780 ||| READING scroll labelled RILEHO DOLA.
   781 | D:1      | 781 ||| READING scroll labelled HOOTAD BOUNE.
   782 | D:1      | 782 ||| READING 2 scrolls labelled OSOHOA SAOFA.
   787 | D:1      | 787 ||| READING scroll labelled ERCHULL GUOPESU.
   788 | D:1      | 788 ||| DROPPING scroll of poison.
   801 | D:2      | 801 ||| STAIRDANCE
   823 | D:2      | Reached XP level 3. HP: 29/29 MP: 3/3
   926 | D:2      | Reached skill level 4 in Ranged Weapons
   932 | D:2      | 932 ||| FLEEEEING.
   934 | D:2      | 934 ||| FLEEEEING.
   935 | D:2      | 935 ||| FLEEEEING.
   936 | D:2      | 936 ||| FLEEEEING.
   937 | D:2      | 937 ||| FLEEEEING.
   995 | D:2      | You fall into a shaft and drop 1 floor!
  1115 | D:3      | 1115 ||| READING 3 scrolls labelled ICUNOW YGI.
  1116 | D:3      | 1116 ||| READING scroll labelled OWEOBBIEKHLETAD.
  1117 | D:3      | 1117 ||| READING 2 scrolls labelled MAERUT RISO.
  1186 | D:3      | HP: 6/29 [something (2)]
  1190 | D:3      | Killed from afar by an orc wizard

Levels and vault maps discovered:
D:1:      sevenhm_arrival_forest_fort_small_4, layout_loops_ring
D:2:      layout_rooms, minivault_26, minmay_cupped
D:3:      layout_loops_cross, serial_bayou_lake_a

Skill      XL: |  1  2  3 |
---------------+----------+-----
Ranged Weapons | 3 4 |  4.4
Fighting       | 2 |  2.0
Dodging        | |  2.1
Spellcasting   | |  1.0
Hexes          | |  2.0

Action                     || total
---------------------------++-------
   Fire: Sling             ||   130
    Use: Scroll            ||     7
 Armour: Robe              ||     5
  Dodge: Dodged            ||    47

Table legend:
 A = Non-vault XP
 B = Vault XP
 C = Vault XP percentage of total XP
 D = Non-vault monster count
 E = Vault monster count
 F = Vault count percentage of total count
                 A         B        C        D         E       F
            +---------+---------+-------+---------+---------+-------
      Total |      93 |       0 |   0.0 |      43 |       0 |   0.0
            +---------+---------+-------+---------+---------+-------
        D:1 |      40 |       0 |   0.0 |      25 |       0 |   0.0
        D:2 |      42 |       0 |   0.0 |      13 |       0 |   0.0
        D:3 |      11 |       0 |   0.0 |       5 |       0 |   0.0
            +---------+---------+-------+---------+---------+-------
